 Dungeon Crawl Stone Soup version 0.18.1-5-g4a78601 (webtiles) character file.

91 epen the Cudgeler (level 4, -23/40 HPs)
             Began as a Gargoyle Gladiator on May 13, 2016.
             Annihilated by Edmund
             ... wielding a +1 dire flail of distortion
              (24 damage)
             ... on level 4 of the Dungeon.
             The game lasted 00:04:08 (1510 turns).

epen the Cudgeler (Gargoyle Gladiator)              Turns: 1510, Time: 00:04:09

Health: -23/40     AC: 22    Str: 19    XL:     4   Next: 59%
Magic:  4/4        EV:  2    Int:  9    God:
Gold:   129        SH:  0    Dex: 10    Spells: 0 memorised, 3 levels left

rFire  . . .     SeeInvis .     a - +0 flail
rCold  . . .     Gourm    .     (armour currently unavailable)
rNeg   + + +     Faith    .     (no shield)
rPois  ∞         Spirit   .     (helmet currently unavailable)
rElec  .         Dismiss  .     (cloak currently unavailable)
rCorr  .         Reflect  .     (gloves currently unavailable)
SustAt .         Harm     .     (boots currently unavailable)
MR     +....     NoTele   +     (no amulet)
Stlth  +.........               (no ring)
                                h - ring of protection from magic

@: tree-form, drained, somewhat resistant to hostile enchantments, very
unstealthy
A: negative energy resistance 1, (electricity resistance), (unbreathing),
petrification resistance, rot immunity, AC +3
a: no special abilities


You were on level 4 of the Dungeon.
You were not hungry.
You were a tree.
You visited 1 branch of the dungeon, and saw 4 of its levels.
You visited the Abyss 1 time.

You collected 129 gold pieces.

Inventory:

Hand Weapons
 a - a +0 flail (weapon)
Missiles
 d - 3 throwing nets (quivered)
Armour
 b - a +0 leather armour
 c - a +0 helmet (melded)
 n - a +0 cloak (melded)
 q - a +0 ring mail
 u - a +0 pair of gloves (melded)
 y - a +0 scale mail (melded)
Jewellery
 h - a ring of protection from magic (left branch)
Wands
 x - a wand of digging (7/24)
Scrolls
 e - 2 scrolls of remove curse {unknown}
 i - a scroll of amnesia {unknown}
 m - 2 scrolls of teleportation {unknown}
 p - 4 scrolls of random uselessness {unknown}
 r - a scroll of enchant armour {unknown}
 s - a scroll of blinking {unknown}
 t - a scroll of fog {unknown}
 v - a scroll of magic mapping {unknown}
 w - a scroll of identify {unknown}
Potions
 g - a potion of degeneration {unknown}
 j - a potion of curing {unknown}
 k - a potion of ambrosia {unknown}
 l - 2 potions of flight
Comestibles
 f - 5 bread rations
 o - 3 meat rations


   Skills:
 + Level 2.8(2.0) Fighting
 * Level 3.6(2.8) Maces & Flails
 - Level 1.7(0.9) Throwing
 + Level 1.6(0.8) Armour
 * Level 3.3(2.4) Dodging


You had 3 spell levels left.
You didn't know any spells.

Dungeon Overview and Level Annotations

Branches:
Dungeon (3/15)

Altars:
Vehumet
Xom
The Shining One

Annotations:
D:4 Edmund


Innate Abilities, Weirdness & Mutations

You are resistant to torment.
((Your stone body is resilient (AC +3).))
You are immune to poison.
You resist negative energy.
((You are resistant to electric shocks.))
((You can survive without breathing.))
You are immune to petrification.
You are immune to rotting.


Message History

Space warps horribly around you!
Ouch! That really hurt!
* * * LOW HITPOINT WARNING * * *
The orc barely misses you.
Drink which item? (? for menu, Esc to quit)
It was a potion of flight.
You feel very buoyant.
You fly up into the air.
The orc hits you but does no damage. Edmund barely misses you.
Drink which item? (? for menu, Esc to quit)
It was a potion of lignification.
You turn into a tree.
Your +0 cloak melds into your body.
Your +0 helmet melds into your body.
Your +0 pair of gloves melds into your body.
Your +0 scale mail melds into your body.
Your roots penetrate the ground.
The orc completely misses you. The orc hits you with a trident.
* * * LOW HITPOINT WARNING * * *
Edmund hits you but does no damage. Space warps horribly around you!
Ouch! That really hurt!
You die...

#.#####...#
.#...###...#
......##...###
..#...#.....##
##.............##
#...#.#...o.....#
#..#....o#...#..#
#..@o#..oo......#
#♣#.#.#.#.....#
#o#..o....###.#
#.###.###+# .#
#))...# # ###.#.#
#.#.+ #####


You could see Edmund and 2 orcs.

Vanquished Creatures
  2 oozes
  A worm (D:2)
  3 dart slugs (D:1)
  5 giant geckos
  3 orcs (D:4)
  2 ball pythons (D:1)
  6 bats
  3 giant cockroaches (D:1)
  7 goblins
  6 hobgoblins
  2 jackals (D:2)
  6 kobolds
  A quokka (D:3)
  8 giant newts
  7 rats
62 creatures vanquished.

Notes
Turn   | Place    | Note
--------------------------------------------------------------
     0 | D:1      | epen the Gargoyle Gladiator began the quest for the Orb.
     0 | D:1      | Reached XP level 1. HP: 12/12 MP: 1/1
    54 | D:1      | Reached XP level 2. HP: 16/17 MP: 2/2
   226 | D:1      | Reached XP level 3. HP: 22/22 MP: 3/3
   229 | D:1      | Reached skill level 1 in Armour
   866 | D:2      | Found a shimmering altar of Xom.
   882 | D:2      | Reached XP level 4. HP: 19/27 MP: 4/4
  1083 | D:2      | Found a glowing golden altar of the Shining One.
  1416 | D:3      | Found a radiant altar of Vehumet.
  1462 | D:3      | You fall through a shaft!
  1470 | D:4      | Noticed Edmund
  1500 | D:4      | Cast into level 1 of the Abyss (Edmund)
  1508 | D:4      | Escaped the Abyss
  1510 | D:4      | HP: 1/40 [orc/trident (2)]
  1510 | D:4      | Annihilated by Edmund

Skill      XL: |  1  2  3 |
---------------+----------+-----
Armour         | 1 |  1.6
Dodging        | 3 |  3.3
Fighting       | |  2.8
Maces & Flails | |  3.6
Throwing       | |  1.7

Action                   |  1- 3 |  4- 6 || total
-------------------------+-------+-------++-------
Melee: Flail             |   120 |    65 ||   185
  Use: Potion            |       |     2 ||     2
  Eat: Chunk             |       |     2 ||     2
Armor: Leather armour    |    60 |    12 ||    72
       Ring mail         |       |    17 ||    17
       Scale mail        |       |    11 ||    11
       Skin              |       |     1 ||     1
Dodge: Dodged            |    88 |    71 ||   159
